 Dungeon Sprint DCSS version 0.30-a0-920-g7493c07aab (webtiles) character file.

Game seed: 7930227409995519325

1698 dialectric the Imperceptible (level 9, -4/62 HPs)
             Began as an Octopode Brigand on Mar 21, 2023.
             Was an Initiate of Dithmenos.
             Slain by a death yak (26 damage)
             ... in the Dungeon (Sprint II: "The Violet Keep of Menkaure").
             The game lasted 00:01:27 (141 turns).

dialectric the Imperceptible (Octopode Brigand)      Turns: 141, Time: 00:01:27

Health: -4/62      AC:  1    Str: 10    XL:     9   Next: 3%
Magic:  9/9        EV: 14    Int: 14    God:    Dithmenos [......]
Gold:   486        SH:  0    Dex: 17    Spells: 8/8 levels left

rFire   . . .      SeeInvis .    a - +2 dagger
rCold   . . .      Faith    .    (no shield)
rNeg    . . .      Spirit   .    (helmet restricted)
rPois   .          Reflect  .    (no amulet)
rElec   .          Rampage  .    (no ring)
rCorr   .          NoTele   +    (no ring)
Will    .....                    (no ring)
Stlth   +++++++++                (no ring)
HPRegen 0.30/turn                (no ring)
MPRegen 0.11/turn                (no ring)
                                 (no ring)
                                 (no ring)

@: no status effects
A: almost no armour, amphibious, 8 rings, camouflage 1, gelatinous body 1,
(nimble swimmer 1), tentacles
a: Renounce Religion


You were in the Dungeon.
You worshipped Dithmenos.
Dithmenos was noncommittal.
You visited 1 branch You collected 486 gold pieces.

Inventory:

Hand Weapons
 a - a +2 dagger (weapon)
Missiles
 b - 9 poisoned darts
 c - 3 curare-tipped darts (quivered)
Scrolls
 i - a scroll of blinking
Potions
 f - a potion of haste
 g - 2 potions of magic
 h - a potion of berserk rage


   Skills:
 + Level 6.2 Fighting
 + Level 7.6 Short Blades
 - Level 4.4 Throwing
 + Level 3.1 Dodging
 + Level 22.6 Stealth


You had 8 spell levels left.
You didn't know any spells.
Your spell library was empty.

Dungeon Overview and Level Annotations

Branches:
Dungeon (1/1)

Altars:
Cheibriados
Dithmenos
Elyvilon
Fedhas
Gozag
Hepliaklqana
Kikubaaqudgha
Makhleb
Nemelex Xobeh
Okawaru
Qazlal
Ru
Sif Muna
Trog
Uskayaw
Vehumet
Wu Jian
Xom
Yredelemnul
Zin
The Shining One
Jiyva
Lugonu

Shops:
D [!

Annotations:
D exclusion: obsidian statue


Innate Abilities, Weirdness & Mutations

You cannot wear most types of armour.
You are amphibious.
You can wear up to eight rings at the same time.
Your skin changes colour to match your surroundings (Stealth+).
Your rubbery body absorbs attacks. (AC +1, EV +1)
((You are camouflaged when in or above water. (Stealth+)))
You have tentacles for arms and can constrict up to eight enemies at once.


Message History

You hit the water moccasin.
You squeeze the water moccasin, but do no damage.
The water moccasin is heavily wounded.
You constrict the water moccasin.
You feel sick. The water moccasin barely misses you.
You hit the water moccasin. You squeeze the water moccasin!
The water moccasin is almost dead.
You constrict the water moccasin. The water moccasin bites you!
You hit the water moccasin.
The water moccasin is almost dead.
You constrict the water moccasin.
You kill the water moccasin!
Dithmenos accepts your kill.
You feel sick.
You have reached level 9!
Your experience leads to an increase in your attributes!
Increase (S)trength, (I)ntelligence, or (D)exterity?
You feel agile. x2
Unknown command.
You feel sick.
You feel sick.
You start resting.
You feel sick. x2
You are no longer poisoned.
You open the door.
A death yak comes into view.
The walls and floor vibrate strangely for a moment.
Found a scroll labelled ROMPECR KUBIRR.
Found a leather armour and 81 gold pieces.
There is an open door here.
The walls and floor vibrate strangely for a moment.
The death yak bellows!
The death yak gores you!
You see here a scroll labelled ROMPECR KUBIRR.
You barely miss the death yak.
You squeeze the death yak, but do no damage.
Unknown command.
There is an open door here.
There's a creature in the doorway!
The death yak gores you!!
You die...

≈≈≈≈§ ... +++#+++## ..
........# .. .##'##..# #.
##.#.##.#### +.###
#.###†#....# ...#
##.#$####..#####..# )$!
##'###.##..#.?Y..# ▓?(:)?
###.##...#..#$[#@.# ▓)[(!)?
†'.<.+###+..####.^### ▓(!?)!?
###.##.B.#....###...##▓▓▓▓▓▓▓
###'###.##......~~~~~~~~~~~~~
##...####~~.....~#'########+#
#..#).#~~~~~~~..~#....._..#§§
##.$.##~~~~~~~~.~#...._._.#§~
##+##~~~≈≈§~§§~~#..._._._#~§
~~~§~~≈≈§§§~~#.._._._.#~§


You could see a death yak.

Vanquished Creatures
  A boulder beetle (D)
  A merfolk siren (D)
  2 wyverns (D)
  Menkaure (D)
  2 water moccasins (D)
  4 scorpions (D)
11 creatures vanquished.

Notes
Turn   | Place    | Note
-------+----------+-------------------------------------------
     0 | D        | dialectric the Octopode Brigand began the quest for the
                  | Orb.
     0 | D        | Reached XP level 1. HP: 14/14 MP: 1/1
     1 | D        | Noticed a boulder beetle
     1 | D        | Noticed a boulder beetle
     4 | D        | Noticed a merfolk siren
    18 | D        | Killed a merfolk siren
    19 | D        | Reached skill level 16 in Stealth
    19 | D        | Reached XP level 2. HP: 23/23 MP: 2/2
    19 | D        | Reached XP level 3. HP: 27/27 MP: 3/3
    19 | D        | Reached XP level 4. HP: 34/34 MP: 4/4
    19 | D        | Reached XP level 5. HP: 38/38 MP: 5/5
    19 | D        | Reached XP level 6. HP: 44/44 MP: 6/6
    26 | D        | Reached skill level 5 in Short Blades
    26 | D        | Reached skill level 17 in Stealth
    29 | D        | Reached XP level 7. HP: 42/49 MP: 7/7
    35 | D        | Reached skill level 18 in Stealth
    46 | D        | Noticed a wyvern
    46 | D        | Noticed a wyvern
    49 | D        | Killed a wyvern
    50 | D        | Reached skill level 5 in Fighting
    50 | D        | Reached skill level 19 in Stealth
    52 | D        | Killed a wyvern
    53 | D        | Reached skill level 20 in Stealth
    53 | D        | Reached XP level 8. HP: 49/56 MP: 8/8
    55 | D        | Noticed an obsidian statue
    58 | D        | Found Faohirgh's Antique Armour Boutique.
    58 | D        | Found Nekih's Distillery.
    68 | D        | Noticed Menkaure
    74 | D        | Killed a boulder beetle
    75 | D        | Reached skill level 22 in Stealth
    92 | D        | Killed Menkaure
    96 | D        | Found an opulent altar of Gozag.
    97 | D        | Found a blossoming altar of Fedhas.
    98 | D        | Found a white marble altar of Elyvilon.
    98 | D        | Found a burning altar of Makhleb.
    99 | D        | Found a shadowy altar of Dithmenos.
    99 | D        | Found a corrupted altar of Lugonu.
   100 | D        | Found a snail-covered altar of Cheibriados.
   100 | D        | Found an ancient bone altar of Kikubaaqudgha.
   100 | D        | Found a bloodstained altar of Trog.
   101 | D        | Found a viscous altar of Jiyva.
   101 | D        | Found a shimmering blue altar of Sif Muna.
   102 | D        | Found a hazy altar of Hepliaklqana.
   102 | D        | Found a sacrificial altar of Ru.
   103 | D        | Found a shimmering altar of Xom.
   104 | D        | Found a stormy altar of Qazlal.
   104 | D        | Found an ornate altar of the Wu Jian Council.
   104 | D        | Found a sparkling altar of Nemelex Xobeh.
   104 | D        | Found a hide-covered altar of Uskayaw.
   104 | D        | Found a basalt altar of Yredelemnul.
   104 | D        | Found a glowing golden altar of the Shining One.
   105 | D        | Found a radiant altar of Vehumet.
   105 | D        | Found an iron altar of Okawaru.
   105 | D        | Found a glowing silver altar of Zin.
   112 | D        | Became a worshipper of Dithmenos the Shadowed
   129 | D        | Reached XP level 9. HP: 35/62 MP: 9/9
   135 | D        | Noticed a death yak
   141 | D        | Slain by a death yak

Illustrated notes

Levels and vault maps discovered:
D:        the_violet_keep_of_menkaure [sprint2_stairs_cluster_1,
          sprint2_shoproom, sprint2_temple, sprint2_basic_supplies,
          sprint2_obstacle_4, sprint2_obstacle_7, sprint2_obstacle_3,
          sprint2_obstacle_2, sprint2_obstacle_6, sprint2_timed_cluster_1,
          sprint2_smallroom_cluster_1, sprint2_smallroom_final_cluster_1,
          sprint2_transparent_cluster_1, sprint2_second_timed_cluster_1,
          sprint2_sniper_area_1, sprint2_heavy_combat_area_1,
          sprint2_mutation_trap_area_1, sprint2_forest_area_1,
          sprint2_light_combat_area_1, sprint2_behind_water_1,
          sprint2_near_end_vault_1]

Skill      XL: |  1  2  3  4  5  6  7  8 |
---------------+-------------------------+-----
Fighting       | 4 5 6 |  6.2
Short Blades   | 4 5 6 7 |  7.6
Throwing       | 4 |  4.4
Stealth        | 16 17 20 22 | 22.6
Dodging        | 2 3 |  3.1

Action                     |  1- 3 |  4- 6 |  7- 9 || total
---------------------------+-------+-------+-------++-------
  Melee: Dagger            |    12 |     3 |    27 ||    42
         Tentacles         |     5 |       |    10 ||    15
         Constrict         |     1 |       |     4 ||     5
         Punch             |       |       |     1 ||     1
    Use: Potion            |       |       |     2 ||     2
   Stab: Sleeping          |     1 |     2 |     4 ||     7
 Armour: Skin              |       |       |     1 ||     1
  Dodge: Dodged            |     3 |     3 |    10 ||    16

Table legend: (Time is in decaauts)
 A = Elapsed time spent in this place.
 B = Non-inter-level travel time spent in this place.
 C = Inter-level travel time spent in this place.
 D = Time resting spent in this place.
 E = Time spent auto-exploring this place.
 F = Levels seen in this place.
 G = Mean time per level.
                   A        B        C        D        E       F      G
               +--------+--------+--------+--------+--------+-----+--------+
         Total |    130 |    130 |      0 |      2 |      0 |   1 |  130.0 |
       Dungeon |    130 |    130 |      0 |      2 |      0 |   1 |  130.0 |
               +--------+--------+--------+--------+--------+-----+--------+

Top non-repeatable levels by time:
       D: 130 daAuts
